 Dungeon Crawl Stone Soup version 0.20.1-1-g8b1a95d (webtiles) character file.

50 torrenera the Sneak (level 3, -2/16 HPs)
             Began as a Vine Stalker Enchanter on July 13, 2017.
             Killed from afar by Natasha (5 damage)
             ... with a magic dart
             ... on level 2 of the Dungeon.
             The game lasted 00:04:19 (1134 turns).

torrenera the Sneak (Vine Stalker Enchanter)        Turns: 1134, Time: 00:04:20

Health: -2/16      AC:  3    Str: 10    XL:     3   Next: 79%
Magic:  0/7        EV: 11    Int: 15    God:
Gold:   72         SH:  0    Dex: 15    Spells: 0/6 levels left

rFire    . . .     SeeInvis .   a - +1 dagger
rCold    . . .     Gourm    .   (no shield)
rNeg     . . .     Faith    .   o - +0 leather armour
rPois    .         Spirit   +   (no helmet)
rElec    .         Reflect  .   (no cloak)
rCorr    .         Harm     .   (no gloves)
MR       .....                  (no boots)
Stlth    +++.......             (no amulet)
Regen    0.1/turn               (no ring)
MPRegen  0.1/turn               (no ring)

@: very slightly contaminated, slowed, very slow
A: fangs 2, magic shield, antimagic bite, no potion heal 3, rot immunity
a: no special abilities


You were on level 2 of the Dungeon.
You were not hungry.

You visited 1 branch of the dungeon, and saw 2 of its levels.

You collected 72 gold pieces.

Inventory:

Hand Weapons
 a - a +1 dagger (weapon)
Missiles
 b - 26 stones (quivered)
 l - 18 poisoned needles
Armour
 o - a +0 leather armour (worn)
Scrolls
 f - a scroll of teleportation {unknown}
 i - a scroll of amnesia {unknown}
 j - 3 scrolls of remove curse {unknown}
 k - a scroll of enchant armour {unknown}
 m - a scroll of magic mapping {unknown}
 q - a scroll of fear {unknown}
Potions
 e - a potion of berserk rage {unknown}
 g - 2 potions of brilliance {unknown}
 h - a potion of flight {unknown}
Books
 c - a book of Maledictions

   Spells                             Type                      Level
   a - Corona                         Hexes                        1
   b - Ensorcelled Hibernation        Hexes/Ice                    2
   c - Confuse                        Hexes                        3
   d - Tukima's Dance                 Hexes                        3
   e - Dazzling Spray                 Conjuration/Hexes            3
Comestibles
 d - 2 bread rations
 n - a meat ration


   Skills:
 * Level 2.0 Short Blades
 - Level 1.5 Dodging
 + Level 5.1 Stealth
 - Level 2.1 Spellcasting
 - Level 3.0 Hexes


You couldn't memorise any spells.
You knew the following spells:

 Your Spells              Type           Power        Failure   Level  Hunger
a - Corona                Hex            ##.....      9%          1    #......
b - Ensorcelled Hibernat  Hex/Ice        #.....       24%         2    ###....
c - Confuse               Hex            ##......     26%         3    ###....


Dungeon Overview and Level Annotations

Branches:
Dungeon (2/15)

Altars:

Annotations:
D:2 Natasha


Innate Abilities, Weirdness & Mutations

You have extremely sharp teeth.
When hurt, damage is shared between your health and your magic reserves.
Your bite disrupts and absorbs the magic of your enemies.
Potions cannot restore your health.
You are immune to rotting.


Message History

Aim: Natasha (chance to defeat MR: 37%)
You miscast Ensorcelled Hibernation.
You are very lightly contaminated with residual magic.
Your hands glow momentarily.
Natasha claws you.
Casting: Ensorcelled Hibernation
Confirm with . or Enter, or press ? or * to list all spells.
Aiming: Ensorcelled Hibernation
Press: ? - help, Shift-Dir - straight line, f/p - Natasha
Aim: Natasha (chance to defeat MR: 37%) Natasha easily resists.
Natasha closely misses you.
Casting: Ensorcelled Hibernation
Confirm with . or Enter, or press ? or * to list all spells.
Aiming: Ensorcelled Hibernation
Press: ? - help, Shift-Dir - straight line, f/p - Natasha
Aim: Natasha (chance to defeat MR: 37%) Natasha easily resists.
Natasha claws you. x2
* * * LOW HITPOINT WARNING * * *
Natasha casts a spell at you. The magic dart hits you!
You die...

#####.....# #.# #.......#
..........###.# #.......#
....#.#.#.#.#.###......##
..?....................#
....#.#.#.#.#....>.....#
.......................###
....#.#.#.#.#..............
........)h..................
....#.#.#.#@#<...####.(.....
.. ....>.....#...# .......
...#.#.#.#.##...# #######
............######
#############


You could see Natasha.

Vanquished Creatures
  Natasha (D:2)
  A dart slug (D:1)
  2 leopard geckos
  3 bats
  7 goblins (D:1)
  2 hobgoblins
  2 frilled lizards
  2 kobolds
  A rat (D:2)
21 creatures vanquished.

Notes
Turn   | Place    | Note
-------+----------+-------------------------------------------
     0 | D:1      | torrenera the Vine Stalker Enchanter began the quest for the Orb.
     0 | D:1      | Reached XP level 1. HP: 9/9 MP: 4/4
    21 | D:1      | Reached skill level 1 in Short Blades
   283 | D:1      | Reached XP level 2. HP: 13/13 MP: 6/6
   287 | D:1      | Learned a level 2 spell: Ensorcelled Hibernation
   339 | D:1      | Reached skill level 4 in Stealth
   675 | D:2      | Noticed Natasha
   684 | D:2      | Noticed a crimson imp
   972 | D:2      | Reached XP level 3. HP: 16/16 MP: 7/7
   977 | D:2      | Learned a level 3 spell: Confuse
  1049 | D:2      | Killed Natasha
  1049 | D:2      | Reached skill level 5 in Stealth
  1124 | D:2      | Noticed Natasha
  1134 | D:2      | Killed from afar by Natasha

Skill      XL: |  1  2  3 |
---------------+----------+-----
Short Blades   | 1 2 |  2.0
Stealth        | 4 5 |  5.1
Dodging        | |  1.5
Spellcasting   | |  2.1
Hexes          | |  3.0

Action                   || total
-------------------------++-------
Melee: Dagger            ||    58
       Bite              ||    13
 Cast: Ensorcelled Hiber ||     4
 Stab: Sleeping          ||     6
  Eat: Chunk             ||     1
Armor: Robe              ||    21
Dodge: Dodged            ||    42
